 Dungeon Crawl Stone Soup version 0.27.1-3-gb3d3a73c9e (webtiles) character file.

Game seed: 4550108416661680

146731 Atelerd the Thaumaturge (level 17, -8/98 HPs)
             Began as an Octopode Earth Elementalist on Oct 29, 2021.
             Was a Priest of Sif Muna.
             Mangled by a reaper (28 damage)
             ... in an ice cave on Oct 30, 2021.
             The game lasted 01:52:21 (43399 turns).

Atelerd the Thaumaturge (OpEE)                     Turns: 43399, Time: 01:52:22

Health: -8/98      AC:  3    Str: 12    XL:     17   Next: 45%
Magic:  14/35      EV: 17    Int: 37    God:    Sif Muna [***...]
Gold:   997        SH: 13    Dex: 14    Spells: 14/44 levels left

rFire    . . .     SeeInvis .   t - +7 war axe of the Ageing Butterfly {speed, rPois rC+++ Int+4 Dex+2}
rCold    + + +     Faith    .   g - +2 buckler {rC+}
rNeg     . . .     Spirit   .   c - +2 hat {Will+}
rPois    +         Reflect  +   E - amulet of reflection
rElec    +         Harm     .   w - ring of wizardry
rCorr    .         Rampage  .   l - ring "Sutyth" {rElec rC+ Str-3 Int+4}
Will     ++...                  W - +6 ring of strength
Stlth    ++++++....             x - +6 ring of intelligence
HPRegen  0.26/turn              O - ring of fire
MPRegen  0.24/turn              P - ring of ice
                                (no ring)
                                (no ring)

@: channeling
A: almost no armour, amphibious, 8 rings, camouflage 1, gelatinous body 1,
(nimble swimmer 1), tentacles
a: Renounce Religion, Channel Magic, Forget Spell


You were in an ice cave.
You worshipped Sif Muna.
Sif Muna was most pleased with you.
You visited 6 branches of the dungeon, and saw 26 of its levels.
You also visited: Ice Cave.

You collected 2239 gold pieces.
You spent 1242 gold pieces at shops.

Inventory:

Hand Weapons
 a - the +12 broad axe "Uluatzit" {protect, SInv Stlth+}
   (You took it off an orc on level 12 of the Dungeon)

   It grants its wielder temporary protection when it strikes (+7 to AC).
   SInv:      It lets you see invisible.
   Stlth:     It makes you more stealthy.
 t - the +7 war axe of the Ageing Butterfly (weapon) {speed, rPois rC+++ Int+4 Dex+2}
   (You found it on level 1 of the Swamp)

   Attacks with this weapon are significantly faster.
   Int:       It affects your intelligence (+4).
   Dex:       It affects your dexterity (+2).
   rC:        It renders you almost immune to cold.
   rPois:     It protects you from poison.
 L - a +2 dagger of venom
Missiles
 b - 488 stones
Armour
 c - a +2 hat of willpower (worn)
 g - a +2 buckler of cold resistance (worn)
 C - a +0 buckler
Jewellery
 l - the ring "Sutyth" (right tentacle) {rElec rC+ Str-3 Int+4}
   (You acquired it on level 8 of the Dungeon)

   [ring of protection from cold]

   Str:       It affects your strength (-3).
   Int:       It affects your intelligence (+4).
   rC:        It protects you from cold.
   rElec:     It insulates you from electricity.
 w - a ring of wizardry (left tentacle)
 x - a +6 ring of intelligence (on tentacle)
 B - the ring of the King {Fly Str+3 Dex+4 Stlth-}
   (You bought it in a shop on level 2 of the Orcish Mines)

   [ring of flight]

   Str:       It affects your strength (+3).
   Dex:       It affects your dexterity (+4).
   Fly:       It grants you flight.
   Stlth:     It makes you less stealthy.
 E - an amulet of reflection (around mantle)
 O - a ring of fire (on tentacle)
 P - a ring of ice (on tentacle)
 W - a +6 ring of strength (on tentacle)
Wands
 u - a wand of charming (25)
 v - a wand of polymorph (28)
 z - a wand of iceblast (6)
 U - a wand of flame (26)
 Y - a wand of paralysis (10)
Scrolls
 h - 4 scrolls of teleportation
 i - 7 scrolls of blinking
 k - 3 scrolls of amnesia
 m - 5 scrolls of enchant armour
 o - 3 scrolls of torment
 r - 2 scrolls of vulnerability
 y - 6 scrolls of identify
 D - 3 scrolls of immolation
 F - a scroll of holy word
 H - 4 scrolls of enchant weapon
 N - 3 scrolls of fear
 Q - a scroll of silence
 R - 2 scrolls of fog
 S - 5 scrolls of magic mapping
 T - a scroll of brand weapon
Potions
 d - 6 potions of might
 e - 2 potions of resistance
 f - 11 potions of curing
 j - 8 potions of ambrosia
 n - 4 potions of brilliance
 p - 4 potions of flight
 s - 4 potions of lignification
 A - 3 potions of invisibility
 G - 3 potions of magic
 I - a potion of cancellation
 J - 3 potions of attraction
 K - a potion of mutation
 M - 2 potions of haste
 V - 4 potions of berserk rage
 X - 2 potions of heal wounds
Miscellaneous
 q - a phantom mirror
 Z - a lightning rod (4/4)


   Skills:
 + Level 3.2 Fighting
 - Level 8.0 Short Blades
 - Level 9.0 Dodging
 + Level 13.5 Stealth
 - Level 9.0 Shields
 + Level 14.0 Spellcasting
 - Level 7.0 Conjurations
 - Level 5.0 Summonings
 - Level 6.2 Transmutations
 - Level 5.0 Fire Magic
 - Level 7.0 Ice Magic
 - Level 3.0 Air Magic
 - Level 10.0 Earth Magic
 - Level 10.0 Invocations
 - Level 2.0 Evocations


You had 14 spell levels left.
You knew the following spells:

 Your Spells              Type           Power      Damage    Failure   Level
a - Sandblast             Erth           100%       2d20      0%          1
b - Iskenderun's Mystic   Conj/Tloc      51%        2d11      1%          4
c - Blink                 Tloc           N/A        N/A       1%          2
d - Summon Ice Beast      Ice/Summ       81%        N/A       1%          4
e - Fulminant Prism       Conj/Hex       25%        3d14      1%          4
f - Starburst             Conj/Fire      40%        6d12      8%          6
p - Petrify               Tmut/Erth      72%        N/A       1%          4
u - Freezing Cloud        Conj/Ice/Air   40%        6-21      1%          5

Your spell library contained the following spells:

 Spells                   Type           Power      Damage    Failure   Level
 Animate Skeleton         Necr           50%        N/A       1%          1
 Apportation              Tloc           50%        N/A       1%          1
 Beastly Appendage        Tmut           100%       N/A       1%          1
 Corona                   Hex            27%        N/A       1%          1
 Magic Dart               Conj           100%       1d8       1%          1
 Summon Small Mammal      Summ           100%       N/A       1%          1
 Corpse Rot               Necr/Air       N/A        N/A       1%          2
 Passwall                 Tmut/Erth      60%        N/A       1%          2
 Poisonous Vapours        Pois/Air       74%        N/A       1%          2
 Searing Ray              Conj           100%       3d7       1%          2
 Static Discharge         Conj/Air       58%        N/A       1%          2
 Wereblood                Tmut           64%        N/A       1%          2
 Call Canine Familiar     Summ           58%        N/A       1%          3
 Dazzling Flash           Conj/Hex       100%       N/A       1%          3
 Lesser Beckoning         Tloc           12%        N/A       1%          3
 Portal Projectile        Hex/Tloc       50%        N/A       1%          3
 Spider Form              Tmut/Pois      24%        N/A       1%          3
 Stone Arrow              Conj/Erth      100%       3d13      1%          3
 Hailstorm                Conj/Ice       86%        3d17      1%          4
 Leda's Liquefaction      Hex/Erth       29%        N/A       1%          4
 Silence                  Hex/Air        18%        N/A       9%          5
 Manifold Assault         Tloc           25%        N/A       16%         5
 Ozocubu's Refrigeration  Ice            43%        4d13      26%         7
 Storm Form               Tmut/Air       28%        N/A       56%         7
 Death Channel            Necr           12%        N/A       61%         6
 Dispersal                Tloc           12%        N/A       61%         6
 Summon Horrible Things   Summ           29%        N/A       99%         8
 Disjunction              Tloc           12%        N/A       100%        8


Dungeon Overview and Level Annotations

Branches:
Dungeon (14/15)            Temple (0/1) D:6            Lair (6/6) D:8
  Swamp (1/4) Lair:3        Snake (2/4) Lair:2        Slime (0/5) Lair:6
    Orc (2/2) D:11            Elf (1/3) Orc:2        Vaults (0/5) D:14
  IceCv (1/1)

Altars:
Ashenzari
Elyvilon
Kikubaaqudgha
Makhleb
Ru
Sif Muna
Trog
Uskayaw
Wu Jian
Xom
Yredelemnul
Zin
The Shining One
Jiyva

Shops:
D:1 [   D:8 [   Orc:2 *?=?*

Annotations:
D:2 exclusion: 2 downstairs
D:6 exclusion: downstairs
Lair:3 exclusion: downstairs
Lair:5 exclusion: 2 downstairs
Snake:2 Aizul, Vashnia


Innate Abilities, Weirdness & Mutations

You cannot wear most types of armour.
You are amphibious.
You can wear up to eight rings at the same time.
Your skin changes colour to match your surroundings (Stealth+).
Your rubbery body absorbs attacks. (AC +1, EV +1)
((You are camouflaged near water. (Stealth+)))
You have tentacles for arms and can constrict up to eight enemies at once.


Message History

The reaper completely resists.
Your ice beast hits the reaper but does no damage.
The reaper hits you from afar with a +2 scythe of freezing!!
* * * LOW HITPOINT WARNING * * *
The reaper freezes you.
* * * LOW HITPOINT WARNING * * *
Your ice beast barely misses the reaper.
Blink to where?
Press: ? - help, Dir - move target, p - reaper
As you read the scroll of blinking, it crumbles to dust.
Okay, then.
Your +2 dagger of venom stops dripping with poison.
You feel clever.
You feel agile.
Your tentacles tingle!
t - the +7 war axe of the Ageing Butterfly (weapon)
{speed, rPois rC+++ Int+4 Dex+2} Your ice beast misses the reaper.
Your ice beast hits the reaper but does no damage.
Casting: Summon Ice Beast (mildly dangerous; 1% risk of failure)
Confirm with . or Enter, or press ? or * to list all spells.
Aiming: Petrify (safe; 1% risk of failure)
Press: ? - help, Shift-Dir - straight line, f - reaper
Aim: a reaper, wielding a +2 scythe of freezing, wearing a +2 robe of cold resistance and wearing a ring of ice (lightly wounded, ally target, chance to affect: 17%)
The reaper resists with almost no effort.
Your ice beast hits the reaper.
Your ice beast freezes the reaper.
The reaper completely resists.
Casting: Petrify (safe; 1% risk of failure)
Confirm with . or Enter, or press ? or * to list all spells.
Aiming: Petrify (safe; 1% risk of failure)
Press: ? - help, Shift-Dir - straight line, f/p - reaper
Aim: a reaper, wielding a +2 scythe of freezing, wearing a +2 robe of cold resistance and wearing a ring of ice (lightly wounded, ally target, chance to affect: 17%)
The reaper resists with almost no effort.
Casting: Petrify (safe; 1% risk of failure)
Confirm with . or Enter, or press ? or * to list all spells.
Aiming: Petrify (safe; 1% risk of failure)
Press: ? - help, Shift-Dir - straight line, f/p - reaper
Aim: a reaper, wielding a +2 scythe of freezing, wearing a +2 robe of cold resistance and wearing a ring of ice (lightly wounded, ally target, chance to affect: 17%)
The reaper resists with almost no effort.
You can no longer call upon Sif Muna to cast any spell from your library.
The reaper hits you from afar with a +2 scythe of freezing!!
You die...

## ##.# ##...# ####
#...§.# ##..## #.§°°☼.
##@...# ..☼§☼..##
##..#..## ..§§#○☼.#
#.2.###.## #
#....°#§###YY####..# #.
#.#°°..○#§Y##).#..##
#°°#.##○..○§§##...##..#
#..#..###§§§§##....#..##
..○.....#...###....##..#
§ §......#...#
##....#..#


You could see a reaper (ally target) and 3 friendly ice beasts.

Vanquished Creatures
  Jorgrun (Orc:2)
  Gastronok (D:12)
  Kirke (Lair:4)
  2 reapers (IceCv)
  A very ugly thing (IceCv)
  A bunyip (Swamp:1)
  Snorg (Lair:3)
  Josephine (Lair:4)
  2 naga warriors
  8 hydras
  2 boulder beetles
  2 centaur warriors (D:13)
  5 ogre magi
  12 two-headed ogres
  5 anacondas (Snake:1)
  A death knight (D:14)
  A tengu warrior (D:11)
  A naga sharpshooter (Snake:1)
  Sonja (Lair:2)
  A deep elf knight (D:14)
  Nergalle (Lair:2)
  A shock serpent (Snake:1)
  A skeletal warrior (D:14)
  2 goliath frogs (Swamp:1)
  A spriggan druid (Swamp:1)
  A naga ritualist (Snake:1)
  A deep elf archer (Elf:1)
  3 deep elf zephyrmancers
  2 orc knights
  An obsidian statue (IceCv)
  6 deep elf pyromancers
  7 mana vipers (Snake:1)
  An oklob plant (Lair:4)
  7 ugly things (D:14)
  A salamander (Snake:1)
  An orc sorcerer (Orc:1)
  2 cyclopes
  6 elephants (Lair:3)
  A manticore (D:13)
  15 black mambas
  2 gargoyles
  4 naga magi (Snake:1)
  15 cane toads
  4 centaur skeletons (D:14)
  An unseen horror (D:12)
  6 komodo dragons
  7 rime drakes
  4 kobold demonologists
  2 ice devils (IceCv)
  6 freezing wraiths (IceCv)
  3 anaconda simulacra (Swamp:1)
  13 trolls
  A queen bee (Lair:2)
  7 polar bears (Lair:6)
  4 hornets
  Prince Ribbit (D:8)
  A tyrant leech (Swamp:1)
  8 blink frogs
  6 dream sheep (Lair:6)
  3 meliai zombies
  11 spriggans (Lair:6)
  4 shadows
  46 yaks
  2 spriggan simulacra
  4 hogs (Lair:4)
  7 wyverns
  4 wraiths
  Grum (D:8)
  3 basilisks
  6 vampire mosquitoes (D:11)
  6 minotaur simulacra (IceCv)
  A steam dragon (D:7)
  Edmund (D:5)
  A harpy simulacrum (Swamp:1)
  14 nagas
  A swamp worm (Swamp:1)
  2 wargs
  A hydra simulacrum (IceCv)
  15 water moccasins
  13 orc warriors
  A swamp drake (Swamp:1)
  2 ettin simulacra (IceCv)
  31 ogres
  A black bear (Lair:6)
  44 wolves
  4 alligator simulacra
  5 boggarts (Lair:6)
  11 centaurs
  2 phantoms (D:7)
  A kobold brigand (D:14)
  2 wyvern zombies
  2 gnoll sergeants
  15 bullfrogs
  3 deep troll simulacra (IceCv)
  4 scorpions
  An earth elemental (Elf:1)
  23 killer bees
  2 lindwurm simulacra
  4 howler monkeys
  7 electric eels
  A crimson imp (D:7)
  A bullfrog zombie (D:5)
  3 centaur zombies
  A gnoll shaman (D:9)
  2 hounds
  9 orc priests
  3 bullfrog skeletons
  A jelly (D:6)
  Ijyb (D:5)
  2 iguanas
  12 orc wizards
  3 howler monkey zombies (D:8)
  8 adders
  14 gnolls
  2 howler monkey skeletons
  A shadow imp (D:7)
  A white imp (D:6)
  2 ufetubi
  An adder zombie (D:5)
  2 worms (D:2)
  4 dart slugs
  46 orcs
  8 bats
  5 endoplasms
  3 giant cockroaches
  8 goblins
  6 hobgoblins
  8 jackals
  A quokka (D:5)
  14 ball pythons
  10 kobolds
  2 rats (D:2)
  A spectral orc (D:4)
  A butterfly (Lair:3)
704 creatures vanquished.

Vanquished Creatures (collateral kills)
  A salamander (Snake:1)
1 creature vanquished.

Vanquished Creatures (others)
  An orange crystal statue (IceCv)
  10 fulminant prisms
  40 fungi
  54 plants
105 creatures vanquished.

Grand Total: 810 creatures vanquished

Notes
Turn   | Place    | Note
-------+----------+-------------------------------------------
     0 | D:1      | Atelerd the Octopode Earth Elementalist began the quest for
                  | the Orb.
     0 | D:1      | Reached XP level 1. HP: 11/11 MP: 3/3
   132 | D:1      | Reached XP level 2. HP: 17/17 MP: 5/5
   175 | D:1      | Found a faded altar of an unknown god.
   605 | D:1      | Found Medwaoga's Armour Emporium.
   945 | D:2      | Reached XP level 3. HP: 18/21 MP: 2/6
  1171 | D:2      | Found a glowing silver altar of Zin.
  1208 | D:2      | Reached XP level 4. HP: 27/27 MP: 8/8
  1875 | D:2      | Reached skill level 3 in Spellcasting
  2495 | D:3      | Reached XP level 5. HP: 28/31 MP: 9/9
  2920 | D:3      | Found a sacrificial altar of Ru.
  2922 | D:3      | Found a white marble altar of Elyvilon.
  2925 | D:3      | Found a shimmering blue altar of Sif Muna.
  2927 | D:3      | Found an ornate altar of the Wu Jian Council.
  2928 | D:3      | Found an ancient bone altar of Kikubaaqudgha.
  2929 | D:3      | Found a glowing golden altar of the Shining One.
  2933 | D:3      | Became a worshipper of Sif Muna the Loreminder
  3421 | D:4      | Noticed an ogre
  3432 | D:4      | Killed an ogre
  3433 | D:4      | Reached XP level 6. HP: 34/36 MP: 7/11
  3438 | D:4      | Learned a level 4 spell: Petrify
  3590 | D:4      | Found a basalt altar of Yredelemnul.
  3674 | D:4      | Found a bloodstained altar of Trog.
  3798 | D:4      | Reached * piety under Sif Muna
  4137 | D:5      | Entered Level 5 of the Dungeon
  4278 | D:5      | Reached XP level 7. HP: 26/41 MP: 7/12
  4291 | D:5      | Reached skill level 4 in Spellcasting
  4454 | D:5      | Reached skill level 5 in Earth Magic
  4558 | D:5      | Noticed Ijyb
  4572 | D:5      | Killed Ijyb
  4696 | D:5      | Noticed Edmund
  4714 | D:5      | Killed Edmund
  4715 | D:5      | Reached skill level 5 in Stealth
  5496 | D:5      | Reached XP level 8. HP: 46/46 MP: 10/14
  5739 | D:6      | Found a staircase to the Ecumenical Temple.
  5903 | D:6      | Found a hide-covered altar of Uskayaw.
  5995 | D:6      | Reached skill level 5 in Spellcasting
  5995 | D:6      | Reached skill level 5 in Transmutations
  6650 | D:6      | Noticed a troll
  6664 | D:6      | Killed a troll
  7069 | D:7      | Noticed a hornet
  7081 | D:7      | Killed a hornet
  7082 | D:7      | Reached skill level 1 in Short Blades
  7082 | D:7      | Reached skill level 1 in Invocations
  7082 | D:7      | Reached XP level 9. HP: 47/51 MP: 5/17
  7332 | D:7      | Learned a level 4 spell: Iskenderun's Mystic Blast
  8293 | D:7      | Reached skill level 6 in Spellcasting
  8490 | D:7      | Found a burning altar of Makhleb.
  8490 | D:7      | Found a shimmering altar of Xom.
  8731 | D:8      | Found a staircase to the Lair.
  8806 | D:8      | Reached skill level 1 in Fighting
  8806 | D:8      | Reached skill level 1 in Conjurations
  8815 | D:8      | Reached ** piety under Sif Muna
  8978 | D:8      | Noticed Prince Ribbit
  8987 | D:8      | Killed Prince Ribbit
  8988 | D:8      | Reached skill level 1 in Shields
  8988 | D:8      | Identified the +5 whip of Desperation {antimagic, Dex+8}
  9055 | D:8      | Found Bodori's Armour Shoppe.
  9248 | D:8      | Noticed Grum
  9810 | D:8      | Killed Grum
 10061 | D:8      | Reached XP level 10. HP: 41/60 MP: 11/19
 10166 | D:8      | Found a broken altar of Ashenzari.
 11765 | D:10     | Entered Level 10 of the Dungeon
 11829 | Lair:1   | Entered Level 1 of the Lair of Beasts
 11840 | Lair:1   | Noticed a cane toad
 11848 | Lair:1   | Killed a cane toad
 11996 | Lair:1   | Reached skill level 5 in Dodging
 12205 | Lair:1   | Noticed a seven-headed hydra
 12210 | Lair:1   | Identified a scroll of acquirement
 12513 | D:8      | Acquired the ring "Sutyth" {rElec rC+ Str-3 Int+4}
 12805 | D:10     | Reached XP level 11. HP: 67/67 MP: 10/20
 12914 | D:10     | Learned a level 5 spell: Freezing Cloud
 13054 | D:10     | Reached skill level 1 in Ice Magic
 13200 | D:10     | Reached skill level 1 in Air Magic
 13235 | D:10     | Reached *** piety under Sif Muna
 14325 | D:11     | Noticed a tengu warrior
 14335 | D:11     | Killed a tengu warrior
 14336 | D:11     | Reached skill level 5 in Invocations
 14477 | D:11     | Noticed a two-headed ogre
 14506 | D:11     | Killed a two-headed ogre
 14727 | D:11     | Found a staircase to the Orcish Mines.
 16530 | D:11     | Reached skill level 5 in Ice Magic
 16778 | D:12     | Noticed a six-headed hydra
 16893 | Lair:1   | Killed a seven-headed hydra
 16894 | Lair:1   | Reached XP level 12. HP: 72/72 MP: 18/22
 17115 | Lair:1   | Learned a level 2 spell: Blink
 17234 | Lair:1   | Reached skill level 7 in Spellcasting
 17506 | Lair:2   | Reached skill level 5 in Conjurations
 17507 | Lair:2   | Reached skill level 10 in Stealth
 17527 | Lair:2   | Reached **** piety under Sif Muna
 17994 | Lair:2   | Found a staircase to the Snake Pit.
 18187 | Lair:2   | Reached skill level 8 in Spellcasting
 19057 | Lair:2   | Noticed Nergalle
 19068 | Lair:2   | Killed Nergalle
 19069 | Lair:2   | Reached skill level 9 in Spellcasting
 19298 | Lair:2   | Noticed Sonja
 19307 | Lair:2   | Killed Sonja
 19567 | Lair:3   | Noticed Snorg
 19578 | Lair:3   | Killed Snorg
 19579 | Lair:3   | Reached skill level 10 in Spellcasting
 19656 | Lair:3   | Found a staircase to the Swamp.
 19753 | Lair:3   | Reached skill level 1 in Evocations
 20060 | Lair:3   | Reached XP level 13. HP: 76/77 MP: 22/27
 20686 | Lair:4   | Noticed Kirke
 21170 | Lair:4   | Reached skill level 5 in Shields
 21920 | Lair:4   | Noticed Josephine
 22019 | Lair:4   | Killed Josephine
 22711 | Lair:4   | Killed Kirke
 22712 | Lair:4   | Reached skill level 5 in Short Blades
 23702 | Lair:5   | Reached skill level 10 in Earth Magic
 24487 | Lair:5   | Reached XP level 14. HP: 54/83 MP: 10/28
 24918 | Lair:6   | Entered Level 6 of the Lair of Beasts
 25377 | Lair:6   | Reached skill level 11 in Spellcasting
 26244 | Lair:6   | Found a viscous altar of Jiyva.
 26245 | Lair:6   | Found a staircase to the Slime Pits.
 27123 | Lair:6   | Reached skill level 12 in Spellcasting
 29007 | Lair:6   | Reached ***** piety under Sif Muna
 29464 | Orc:1    | Entered Level 1 of the Orcish Mines
 29469 | Orc:1    | Received a gift from Sif Muna
 29470 | Orc:1    | Reached skill level 13 in Spellcasting
 29470 | Orc:1    | Got Sif Muna's Catalogue of Cold and Evil {god gift}
 29752 | Orc:2    | Entered Level 2 of the Orcish Mines
 29905 | Orc:2    | Found Omiopniq's Magic Scroll Emporium.
 29905 | Orc:2    | Found Amoyt's Assorted Antiques.
 29908 | Orc:2    | Found Lonluc's Assorted Antiques.
 29908 | Orc:2    | Found Ehiutele's Magic Scroll Emporium.
 29919 | Orc:2    | Reached skill level 14 in Spellcasting
 29926 | Orc:2    | Reached XP level 15. HP: 81/88 MP: 19/33
 30163 | Orc:2    | Bought a scroll of identify for 26 gold pieces
 30163 | Orc:2    | Bought a scroll of identify for 26 gold pieces
 30163 | Orc:2    | Bought a scroll of identify for 26 gold pieces
 30169 | Orc:2    | Bought a scroll labelled VIDUJO VIMECH for 31 gold pieces
 30170 | Orc:2    | Bought a scroll of blinking for 112 gold pieces
 30170 | Orc:2    | Bought a scroll of blinking for 112 gold pieces
 30170 | Orc:2    | Bought a scroll of blinking for 112 gold pieces
 30171 | Orc:2    | Bought a bubbling emerald potion for 19 gold pieces
 30171 | Orc:2    | Bought a flickering wooden ring for 110 gold pieces
 30171 | Orc:2    | Identified the ring of the King {Fly Str+3 Dex+4 Stlth-}
                  | (You bought it in a shop on level 2 of the Orcish Mines)
 30171 | Orc:2    | Bought a cabochon ring for 110 gold pieces
 30171 | Orc:2    | Bought a yellow potion for 19 gold pieces
 30172 | Orc:2    | Bought a scroll of identify for 26 gold pieces
 30178 | Orc:2    | Bought a scroll of identify for 30 gold pieces
 30178 | Orc:2    | Bought a scroll of identify for 30 gold pieces
 30194 | Orc:2    | Bought a scroll of holy word for 97 gold pieces
 30194 | Orc:2    | Bought a scroll of blinking for 97 gold pieces
 30195 | Orc:2    | Bought a potion of curing for 66 gold pieces
 30195 | Orc:2    | Bought a potion of heal wounds for 110 gold pieces
 30195 | Orc:2    | Bought a scroll of identify for 44 gold pieces
 30202 | Orc:2    | Bought a scroll of teleportation for 39 gold pieces
 30213 | Orc:2    | Received a gift from Sif Muna
 30220 | Orc:2    | Got Sif Muna's Tome of the Creative Birds {god gift}
 30306 | Orc:2    | Reached XP level 16. HP: 93/93 MP: 22/34
 30406 | Orc:2    | Found a staircase to the Elven Halls.
 30489 | Orc:2    | Found Gaulevem's Jewellery Shoppe.
 31013 | Orc:2    | Noticed Jorgrun
 31024 | Orc:2    | Killed Jorgrun
 31127 | Orc:2    | Learned a level 4 spell: Summon Ice Beast
 31300 | Snake:1  | Entered Level 1 of the Snake Pit
 31429 | Snake:1  | Reached skill level 1 in Summonings
 33915 | Snake:1  | Identified the +2 spear of Ercheze {speed, rF+}
 34794 | Snake:2  | Noticed Vashnia
 35034 | Snake:2  | Noticed Aizul
 35434 | Elf:1    | Entered Level 1 of the Elven Halls
 36450 | D:12     | You fall into a shaft and drop 2 floors!
 36473 | D:14     | Learned a level 4 spell: Fulminant Prism
 37193 | D:14     | Reached skill level 5 in Summonings
 38186 | D:14     | Reached XP level 17. HP: 98/98 MP: 32/35
 38337 | D:14     | Found a glowing golden altar of the Shining One.
 38413 | D:14     | Found a gate to the Vaults.
 39567 | D:12     | Identified the +12 broad axe "Uluatzit" {protect, SInv
                  | Stlth+}
 39825 | D:12     | Noticed Gastronok
 39835 | D:12     | Killed Gastronok
 39836 | D:12     | Reached skill level 10 in Invocations
 41033 | Swamp:1  | Entered Level 1 of the Swamp
 41065 | Swamp:1  | Identified the +7 war axe of the Ageing Butterfly {speed,
                  | rPois rC+++ Int+4 Dex+2}
 41157 | Swamp:1  | Found a frozen archway.
 41202 | Swamp:1  | Learned a level 6 spell: Starburst
 41257 | Swamp:1  | Reached skill level 1 in Fire Magic
 41336 | IceCv    | Entered an ice cave
 43358 | IceCv    | Reached skill level 5 in Fire Magic
 43399 | IceCv    | Mangled by a reaper

Illustrated notes

Levels and vault maps discovered:
D:1:      scummos_arrival_hexagon, layout_rooms, serial_shops, shop,
          basic_ecumenical_altar
D:2:      layout_basic, basic_altar, minmay_shallow_snake_nest
D:3:      layout_rooms, minitemple, serial_curves, eino_curves_03,
          eino_curves_04, minmay_misc_feat_tower, grunt_ministairs_7
D:4:      layout_basic, nicolae_overflow_hidden_temple,
          yredelemnul_forgotten_temple_becter
D:5:      layout_loops_ring, uniq_ijyb, uniq_edmund
D:6:      cheibrodos_two_vegetables, layout_basic, mainiacjoe_overflow_24_doors,
          temple_pool_b
D:7:      minmay_general_purpose_star, layout_loops_ring,
          grunt_temple_overflow_champion_of_chaos
D:8:      layout_loops_ring, ashenzari_altar_1, lair_entry_dummy, serial_shops,
          shop, uniq_grum, uniq_prince_ribbit1
D:9:      layout_roguey, serial_glass, glass_columns_b, glass_columns_b,
          glass_columns_a, glass_columns_c, glass_columns_a, glass_columns_a,
          minmay_strange_pillars, item_on_display_a, item_on_display_a,
          feat_on_display, fungi_pond_lemuel, grunt_ministairs_12
D:10:     layout_gridville
D:11:     kennysheep_spiral_hall, layout_loops_corners, david_orc_3,
          serial_co_window_serial, co_window_of_opportunity_a,
          co_window_paths_b, co_window_paths_a, co_window_corner_a,
          co_window_paths_b, co_window_corner_ca, co_window_2corner,
          co_window_unsneaky_path_a, co_window_2corner, co_window_cross_2,
          co_window_2corner, glass_columns_b, glass_columns_c
D:12:     layout_grid_maze, uniq_gastronok
D:13:     layout_gridville
D:14:     layout_loops_ring, hangedman_vaults_entry_quadrant_bands,
          nrook_mini_vaults, nicolae_tso_swordbearing_angel
Lair:1:   layout_gridlike
Lair:2:   layout_gridlike, minmay_snake_entry_six_corridors, serial_rivers,
          chequers_serial_rivers_small_a, chequers_serial_rivers_small_3,
          chequers_serial_rivers_room_a, chequers_serial_rivers_room_a,
          special_room [special_room_bee], uniq_sonja, uniq_nergalle
Lair:3:   layout_small_grid, swamp_mist, lemuel_fruit_tree, lemuel_fruit_fields,
          uniq_snorg
Lair:4:   layout_roguey, st_stairs_6, uniq_kirke, uniq_josephine
Lair:5:   layout_cave_pods, serial_bayou_shore_b, serial_bayou_shore_a,
          grunt_megastairs_1
Lair:6:   minmay_lair_end_enchanted_forest, layout_gridlike,
          dpeg_slime_entry_enclosed_altar, grunt_megastairs_3
Swamp:1:  layout_basic_swamp, portal_ice_cave_entry_ice_simulacra,
          ebering_ghost_inner_flame, evilmike_swamp_ruin_house_3
Snake:1:  layout_grid_maze
Snake:2:  layout_layer_cave, hangedman_snake_pattern,
          nicolae_coiled_stairwell_up, uniq_aizul, uniq_vashnia
Orc:1:    layout_caves, serial_shops, nicolae_shop_behind_doors
Orc:2:    st_orc_ogre_mass, layout_caves, serial_shops, nicolae_shop_trees,
          uniq_jorgrun
Elf:1:    elf_arrival_002, layout_onion_city, serial_shops, shop,
          evilmike_minifort, roderic_roman_lattice, uniq_nikola
IceCv:    ice_cave_small_demon

Skill      XL: |  1  2  3  4  5  6  7  8  9 10 11 12 13 14 15 16 17 |
---------------+----------------------------------------------------+-----
Transmutations | 2 3 4 6 |  6.2
Spellcasting   | 3 4 5 6 10 14 | 14.0
Earth Magic    | 4 5 6 7 8 9 10 | 10.0
Stealth        | 3 4 5 6 7 8 9 10 11 13 | 13.5
Short Blades   | 1 2 3 5 6 8 |  8.0
Invocations    | 1 3 4 6 8 9 10 | 10.0
Fighting       | 2 3 |  3.2
Conjurations   | 2 3 4 6 7 |  7.0
Shields        | 1 4 6 7 8 9 |  9.0
Dodging        | 3 5 6 7 8 9 |  9.0
Ice Magic      | 5 6 7 |  7.0
Air Magic      | 3 |  3.0
Evocations     | 1 2 |  2.0
Summonings     | 5 |  5.0
Fire Magic     | 5 |  5.0

Action                   |  1- 3 |  4- 6 |  7- 9 | 10-12 | 13-15 | 16-18 || total
-------------------------+-------+-------+-------+-------+-------+-------++-------
Melee: Unarmed           |     5 |       |       |       |     4 |       ||     9
       Constrict         |     9 |    30 |    35 |    38 |    37 |    23 ||   172
       Dagger            |    31 |   103 |   174 |   297 |   185 |   173 ||   963
       Tentacles         |     6 |    18 |    30 |    41 |    24 |    28 ||   147
       Broad axe         |       |       |       |       |       |    10 ||    10
       War axe           |       |       |       |       |       |     3 ||     3
 Cast: Sandblast         |    11 |    44 |    51 |    82 |    79 |    32 ||   299
       Petrify           |       |       |    50 |   132 |   118 |   134 ||   434
       Freezing Cloud    |       |       |       |    11 |    76 |    98 ||   185
       Iskenderun's Myst |       |       |       |     6 |    86 |    76 ||   168
       Blink             |       |       |       |       |     4 |     1 ||     5
       Summon Ice Beast  |       |       |       |       |       |    19 ||    19
       Fulminant Prism   |       |       |       |       |       |    10 ||    10
       Starburst         |       |       |       |       |       |    13 ||    13
Invok: Channel Magic     |       |       |       |     1 |    12 |    15 ||    28
Evoke: Wand              |       |       |       |     1 |       |    13 ||    14
       Lightning rod     |       |       |       |       |       |     6 ||     6
       Phantom mirror    |       |       |       |       |       |     1 ||     1
  Use: Potion            |       |       |     4 |       |     1 |     2 ||     7
       Scroll            |       |       |     7 |    11 |    14 |     8 ||    40
 Stab: Sleeping          |     6 |    11 |     4 |     3 |     2 |     7 ||    33
       Petrified         |       |       |    69 |   150 |    70 |    87 ||   376
       Petrifying        |       |       |     6 |     7 |    13 |     6 ||    32
       Distracted        |       |       |       |       |       |     1 ||     1
Armor: Skin              |     6 |    28 |    19 |     9 |    14 |    13 ||    89
Dodge: Dodged            |    19 |    75 |   107 |   152 |   123 |   105 ||   581
Block: Other             |       |       |       |    32 |    35 |       ||    67
       Buckler           |       |       |       |       |     1 |   100 ||   101
       Reflection        |       |       |       |       |       |    19 ||    19
